 Dungeon Crawl Stone Soup version 0.28.0-53-g5a82cb258f (webtiles) character file.

Game seed: 460302119572414630

8026 Doot the Thaumaturge (level 11, -1/55 (56) HPs)
             Began as a Deep Elf Necromancer on July 8, 2022.
             Was an Elder of Sif Muna.
             Killed by divine providence
             ... invoked by an orc priest
              (13 damage)
             ... on level 2 of the Orcish Mines on July 9, 2022.
             The game lasted 00:34:49 (15443 turns).

Doot the Thaumaturge (Deep Elf Necromancer)        Turns: 15443, Time: 00:34:49

HP:   -1/55 (56)    AC: 13    Str:  5    XL:     11   Next: 4%
MP:   16/30         EV: 15    Int: 25    God:    Sif Muna [****..]
Gold: 651           SH:  4    Dex: 15    Spells: 16/36 levels left

rFire   . . .      SeeInvis .   a - +4 dagger
rCold   . . .      Faith    .   N - +0 buckler
rNeg    . . .      Spirit   .   C - +3 leather armour
rPois   .          Reflect  .   B - +0 helmet
rElec   .          Harm     .   F - +0 cloak {Stlth+}
rCorr   .          Rampage  .   k - +0 pair of gloves
Will    +....                   (no boots)
Stlth   +++.......              I - amulet of magic regeneration
HPRegen 0.18/turn               G - +4 ring of evasion
MPRegen 0.62/turn               P - +4 ring of protection

@: very slightly contaminated, slowed, lightly drained, very slow
A: no striking features
a: Renounce Religion, Channel Magic, Forget Spell, Divine Exegesis


You were on level 2 of the Orcish Mines.
You worshipped Sif Muna.
Sif Muna was greatly pleased with you.
You visited 3 branches of the dungeon, and saw 13 of its levels.

You collected 763 gold pieces.
You spent 112 gold pieces at shops.

Inventory:

Hand Weapons
 a - a +4 dagger (weapon)
 l - a +0 dagger
 y - a +2 dagger of flaming
 E - a +2 short sword of protection
 J - a +2 quarterstaff of chaos
Missiles
 e - 30 poisoned darts
Armour
 h - a +0 leather armour
 k - a +0 pair of gloves (worn)
 x - a +1 scale mail of poison resistance
 A - a +1 leather armour of fire resistance
 B - a +0 helmet (worn)
 C - a +3 leather armour (worn)
 F - a +0 cloak of stealth (worn)
 M - a +0 robe
 N - a +0 buckler (worn)
Magical Staves
 K - a staff of earth
Jewellery
 G - a +4 ring of evasion (left hand)
 I - an amulet of magic regeneration (around neck)
 P - a +4 ring of protection (right hand)
Wands
 D - a wand of iceblast (4)
 O - a wand of mindburst (8)
Scrolls
 b - 13 scrolls of identify {unknown}
 c - 2 scrolls of holy word {unknown}
 d - 2 scrolls of immolation {unknown}
 i - a scroll of enchant armour {unknown}
 j - 8 scrolls of teleportation
 p - 2 scrolls of enchant weapon {unknown}
 r - 4 scrolls of vulnerability {unknown}
 u - 2 scrolls of blinking {unknown}
 v - a scroll of magic mapping {unknown}
 w - a scroll of torment {unknown}
 H - 2 scrolls of fog
Potions
 f - a potion of magic {unknown}
 g - a potion of ambrosia {unknown}
 m - a potion of haste {unknown}
 n - 3 potions of might {unknown}
 o - 6 potions of curing
 q - 3 potions of attraction {unknown}
 s - a potion of berserk rage {unknown}
 t - 2 potions of degeneration {unknown}
 z - 2 potions of heal wounds {unknown}
 L - 3 potions of brilliance


   Skills:
 + Level 1.3 Fighting
 + Level 2.2 Short Blades
 + Level 2.1 Armour
 + Level 3.3 Dodging
 + Level 3.1 Stealth
 * Level 2.1 Shields
 * Level 13.2 Spellcasting
 + Level 8.4 Hexes
 + Level 7.1 Summonings
 * Level 10.2 Necromancy
 + Level 0.8 Translocations
 * Level 3.2 Invocations
 * Level 2.2 Evocations


You had 16 spell levels left.
You knew the following spells:

 Your Spells              Type           Power      Damage    Failure   Level
a - Pain                  Necr           100%       1d9       1%          1
b - Vampiric Draining     Necr           61%        2d10      1%          3
c - Animate Dead          Necr           30%        N/A       1%          4
d - Agony                 Necr           61%        N/A       3%          5
e - Blink                 Tloc           40%        N/A       9%          2
f - Summon Mana Viper     Hex/Summ       53%        N/A       9%          5

Your spell library contained the following spells:

 Spells                   Type           Power      Damage    Failure   Level
 Animate Skeleton         Necr           100%       N/A       1%          1
 Portal Projectile        Hex/Tloc       78%        N/A       3%          3
 Excruciating Wounds      Necr           30%        N/A       3%          5
 Lesser Beckoning         Tloc           20%        N/A       16%         3
 Summon Ice Beast         Ice/Summ       34%        N/A       19%         4
 Manifold Assault         Tloc           20%        N/A       83%         5
 Blade Hands              Tmut           8%         N/A       91%         5
 Monstrous Menagerie      Summ           25%        N/A       98%         7


Dungeon Overview and Level Annotations

Branches:
Dungeon (10/15)            Temple (1/1) D:4             Orc (2/2) D:9
   Lair: D:8-11         Elf: Orc:2

Altars:
Ashenzari
Cheibriados
Dithmenos
Elyvilon
Fedhas
Gozag
Hepliaklqana
Kikubaaqudgha
Nemelex Xobeh
Qazlal
Ru
Sif Muna
Uskayaw
Wu Jian
Xom
Yredelemnul
Beogh

Shops:
D:6 *   Orc:1 *

Annotations:
D:8 Erica
D:9 2 transporters
Orc:1 3 runed translucent doors, exclusion: obsidian statue, kwasso's ghost, journeyman HOFi


Message History

The orc wizard flickers and vanishes!
Deactivating autopickup; reactivate with Ctrl-A.
The orc warrior hits you with a +0 short sword!
The orc warrior hits you with a +2 scimitar of draining!!
You feel drained.
The orc wizard hits you but does no damage.
Your mana viper bites the orc warrior!
The orc warrior dies!
Sif Muna accepts your kill.
The orc high priest mumbles some strange prayers to Beogh against you.
Pain shoots through your body!
* * * LOW HITPOINT WARNING * * *
The orc hits your mana viper with a +0 flail!
You block the orc priest's attack.
Unknown command.
Casting: Vampiric Draining (safe; 1% risk of failure)
Confirm with . or Enter, or press ? or * to list all spells.
Aiming: Vampiric Draining (safe; 1% risk of failure)
Press: ? - help, Shift-Dir - straight line, f/p - orc warrior
Aim: an orc warrior, wielding a +2 scimitar of draining and wearing a +0 plate armour (severely wounded)
You draw life force from the orc warrior!
You kill the orc warrior!
Sif Muna accepts your kill.
You feel life coursing into your body.
Your mana viper bites the orc.
The orc warrior completely misses you. The orc wizard misses you.
The orc misses you.
Your mana viper barely misses the orc.
A warg comes into view.
The orc priest hits you with a +0 club.
* * * LOW HITPOINT WARNING * * *
The orc hits you but does no damage.
The orc warrior hits you but does no damage.
The orc wizard hits you but does no damage.
The orc hits your mana viper with a +0 flail.
Your Invocations skill increases to level 3!
Unknown command.
Unknown command.
Your mana viper closely misses the orc.
The orc priest invokes the aid of Beogh against you.
Beogh smites you!
You die...

.##.....^.....#
...............
...............
...............
...............
........O......
......ooo......
.....oo@)ooo...
....o..S).o..<.
.......).o.....
...........o...
.h.........o...
.....#....$....
...............
...............


You could see an orc high priest, a warg, 3 orc warriors, an ogre, an orc
priest, 2 orc wizards, 6 orcs and a friendly mana viper (summoned).

Vanquished Creatures
  2 two-headed ogres (D:9)
  Joseph (D:8)
  A hornet (D:10)
  A wyvern (D:7)
  A nameless horror (D:8)
  3 yaks (D:8)
  Eustachio (D:3)
  A steam dragon (D:7)
  2 water moccasins (D:8)
  A sky beast (D:6)
  11 orc warriors
  An ogre (D:4)
  3 centaurs
  A lemure (D:4)
  A phantom (D:6)
  3 kobold brigands
  4 bullfrogs
  A scorpion (D:7)
  7 killer bees
  A howler monkey (D:6)
  2 centaur zombies (D:9)
  9 orc priests
  4 hounds
  Crazy Yiuf (D:7)
  A centaur skeleton (D:7)
  4 iguanas
  Terence (D:3)
  14 orc wizards
  A hound skeleton (D:5)
  3 gnolls
  5 adders
  A white imp (D:6)
  2 ufetubi
  An adder skeleton (D:5)
  A worm (D:3)
  A dart slug (D:3)
  53 orcs
  9 endoplasms
  12 goblins
  9 hobgoblins
  2 quokkas
  10 ball pythons
  8 bats
  A frilled lizard (D:3)
  13 kobolds
  4 rats (D:1)
219 creatures vanquished.

Vanquished Creatures (collateral kills)
  Pikel (D:4)
  A yak (D:8)
  Duvessa (D:7)
  4 orc warriors
  A kobold brigand (D:9)
  A gnoll sergeant (D:7)
  A wyvern zombie (D:5)
  Dowan (D:7)
  3 wights (D:6)
  A bullfrog zombie (D:6)
  A howler monkey (D:9)
  2 orc priests
  2 howler monkey zombies
  A gnoll (D:7)
  An adder skeleton (D:4)
  7 orcs
29 creatures vanquished.

Vanquished Creatures (others)
  A human (D:6)
  An orc priest (D:10)
  12 fungi (D:8)
  A plant (D:8)
15 creatures vanquished.

Grand Total: 263 creatures vanquished

Notes
Turn   | Place    | Note
-------+----------+-------------------------------------------
     0 | D:1      | Doot the Deep Elf Necromancer began the quest for the Orb.
     0 | D:1      | Reached XP level 1. HP: 10/10 MP: 6/6
   111 | D:1      | Reached skill level 5 in Necromancy
   340 | D:1      | Reached XP level 2. HP: 12/15 MP: 5/8
   480 | D:1      | Found a faded altar of an unknown god.
  1304 | D:2      | Reached XP level 3. HP: 6/19 MP: 5/10
  1311 | D:2      | Learned a level 3 spell: Vampiric Draining
  2289 | D:3      | Noticed Terence
  2295 | D:3      | Killed Terence
  2296 | D:3      | Reached XP level 4. HP: 19/24 MP: 6/11
  2432 | D:3      | Reached skill level 4 in Spellcasting
  3761 | D:4      | Found a staircase to the Ecumenical Temple.
  3765 | D:4      | Noticed a kobold brigand
  3766 | Temple   | Entered the Ecumenical Temple
  3933 | Temple   | Became a worshipper of Sif Muna the Loreminder
  3967 | D:4      | Reached skill level 1 in Fighting
  3967 | D:4      | Reached XP level 5. HP: 20/29 MP: 2/13
  4171 | D:4      | Noticed a lemure
  4178 | D:5      | Entered Level 5 of the Dungeon
  4210 | D:5      | Reached skill level 1 in Armour
  4551 | D:5      | Learned a level 4 spell: Animate Dead
  4557 | D:5      | Learned a level 5 spell: Agony
  4565 | D:5      | Found a hazy altar of Hepliaklqana.
  4588 | D:5      | Reached skill level 5 in Spellcasting
  4761 | D:4      | Reached XP level 6. HP: 34/34 MP: 8/16
  5123 | D:4      | Noticed Eustachio
  5157 | D:3      | Killed Eustachio
  5158 | D:3      | Reached skill level 6 in Spellcasting
  5261 | D:4      | Found a hide-covered altar of Uskayaw.
  5268 | D:4      | Reached skill level 7 in Spellcasting
  5319 | D:4      | Noticed Pikel
  5463 | D:2      | Learned a level 2 spell: Blink
  5697 | D:4      | Reached XP level 7. HP: 38/38 MP: 12/19
  5814 | D:4      | Found an opulent altar of Gozag.
  6417 | D:6      | Reached skill level 8 in Spellcasting
  6546 | D:6      | Found an ancient bone altar of Kikubaaqudgha.
  6747 | D:6      | Noticed a human
  6750 | D:6      | Killed a human
  6917 | D:7      | Reached skill level 9 in Spellcasting
  7002 | D:7      | Reached XP level 8. HP: 43/43 MP: 9/23
  7045 | D:7      | Reached * piety under Sif Muna
  7164 | D:6      | Reached skill level 1 in Short Blades
  7308 | D:6      | Reached skill level 10 in Spellcasting
  7562 | D:6      | Learned a level 5 spell: Summon Mana Viper
  7597 | D:6      | Found Rick's General Store.
  7606 | D:6      | Bought a scroll of teleportation for 42 gold pieces
  7606 | D:6      | Bought a potion of curing for 42 gold pieces
  7606 | D:6      | Bought a scroll of fog for 28 gold pieces
  7924 | D:5      | Found a white marble altar of Elyvilon.
  7977 | D:7      | Noticed Duvessa
  7977 | D:7      | Noticed Dowan
  8366 | D:7      | Killed Duvessa
  8367 | D:7      | Reached XP level 9. HP: 46/47 MP: 6/25
  8602 | D:8      | Found a blossoming altar of Fedhas.
  8662 | D:8      | Reached skill level 5 in Hexes
  8815 | D:8      | Noticed a two-headed ogre
  9019 | D:8      | Noticed Erica
  9093 | D:8      | Noticed a nameless horror
  9232 | D:7      | Found a runed translucent door.
  9233 | D:7      | Noticed Crazy Yiuf
  9240 | D:7      | Killed Crazy Yiuf
  9367 | D:7      | Reached skill level 5 in Summonings
  9377 | D:7      | Killed Dowan
  9377 | D:7      | Reached ** piety under Sif Muna
 10569 | D:4      | Killed Pikel
 10818 | D:8      | Noticed Joseph
 10837 | D:8      | Killed Joseph
 11689 | D:8      | Reached XP level 10. HP: 52/52 MP: 13/26
 11698 | D:8      | Reached skill level 11 in Spellcasting
 12694 | D:9      | Reached skill level 1 in Invocations
 12900 | D:9      | Found a shadowy altar of Dithmenos.
 12915 | D:9      | Reached skill level 1 in Shields
 12942 | D:9      | Noticed a two-headed ogre
 12951 | D:9      | Killed a two-headed ogre
 12952 | D:9      | Reached skill level 12 in Spellcasting
 12952 | D:9      | Reached skill level 1 in Evocations
 13270 | D:9      | Reached *** piety under Sif Muna
 13284 | D:9      | Found a staircase to the Orcish Mines.
 13537 | D:9      | Found a transporter.
 13542 | D:9      | Found a transporter.
 13629 | D:9      | Noticed a two-headed ogre
 13644 | D:9      | Killed a two-headed ogre
 13645 | D:9      | Reached skill level 10 in Necromancy
 14063 | D:10     | Entered Level 10 of the Dungeon
 14313 | D:10     | Reached skill level 13 in Spellcasting
 14451 | Orc:1    | Entered Level 1 of the Orcish Mines
 14492 | Orc:1    | Found a runed translucent gate.
 14492 | Orc:1    | Found a runed translucent gate.
 14493 | Orc:1    | Found a runed translucent gate.
 14494 | Orc:1    | Found an opulent altar of Gozag.
 14494 | Orc:1    | Noticed an obsidian statue
 14494 | Orc:1    | Noticed an orc sorcerer
 14495 | Orc:1    | Noticed kwasso's ghost (journeyman HOFi)
 15069 | Orc:1    | Reached XP level 11. HP: 37/56 MP: 24/30
 15074 | Orc:1    | Reached **** piety under Sif Muna
 15339 | Orc:1    | Found Lunt's Assorted Antiques.
 15437 | Orc:2    | Entered Level 2 of the Orcish Mines
 15437 | Orc:2    | Noticed an orc high priest
 15443 | Orc:2    | Killed from afar by an orc priest

Illustrated notes

Levels and vault maps discovered:
D:1:      pf_arrival_petrified_forest, layout_rooms,
          hellmonk_ecumenical_altar_zigzags
D:2:      layout_basic
D:3:      layout_loops_corners, minmay_snake_closets, uniq_terence
D:4:      layout_basic, nicolae_gozag_cash_rules_everything_around_me,
          nicolae_uskayaw_murder_on_the_dancefloor,
          minmay_temple_entry_steel_oval, minmay_goblin_outpost, uniq_pikel,
          uniq_eustachio
D:5:      layout_layer_cave, mainiacjoe_overflow_surrounded_room,
          mainiacjoe_overflow_alcove_2
D:6:      layout_rooms, tgw_kikubaaqudgha, serial_shops, shop
D:7:      layout_cave_pools, serial_glass, glass_columns_b, glass_columns_c,
          uniq_crazy_yiuf_cottage, uniq_duvessa
D:8:      layout_basic, fedhas_altar_3, serial_co_window_serial,
          co_window_paths_b, co_window_corner_a, co_window_of_opportunity_a,
          co_window_corner_a, co_window_paths_a, co_window_corner_a,
          co_window_paths_a, co_window_paths_a, co_window_paths_b,
          co_window_of_opportunity_b, co_window_2corner, co_window_cross_4,
          co_window_of_opportunity_c, co_window_broadway_c,
          co_window_unsneaky_path_b, co_window_paths_d, glass_columns_a,
          glass_columns_a, glass_columns_b, glass_columns_c, uniq_erica,
          uniq_joseph
D:9:      gammafunk_beogh_shrine, layout_loops_ring, grunt_dithmenos_shadows,
          david_orc_5, kennysheep_generic_room_13
D:10:     layout_loops_ring, fiery_altar_vehumet, serial_shops,
          nicolae_inconvenience_store, shop_fountains, serial_park_tiny_1,
          serial_bayou_ford_a, minmay_librarian
Temple:   dpeg_chambers_temple
Orc:1:    layout_diamond_mine, ebering_ghost_gozag
Orc:2:    grunt_orc_cross, layout_caves, kennysheep_orc_chapel

Skill      XL: |  1  2  3  4  5  6  7  8  9 10 11 |
---------------+----------------------------------+-----
Necromancy     | 5 6 7 8 9 10 | 10.2
Spellcasting   | 4 5 7 9 10 13 | 13.2
Fighting       | 1 |  1.3
Armour         | 1 2 |  2.1
Stealth        | 3 |  3.1
Short Blades   | 1 2 |  2.2
Dodging        | 3 |  3.3
Hexes          | 4 8 |  8.4
Summonings     | 3 6 7 |  7.1
Invocations    | 2 3 |  3.2
Shields        | 2 |  2.1
Evocations     | 2 |  2.2
Translocations | |  0.8

Action                   |  1- 3 |  4- 6 |  7- 9 | 10-12 || total
-------------------------+-------+-------+-------+-------++-------
Melee: Dagger            |       |    17 |   157 |   200 ||   374
       Punch             |       |     1 |     3 |       ||     4
 Cast: Pain              |    58 |    70 |    54 |    54 ||   236
       Vampiric Draining |       |    17 |    77 |    76 ||   170
       Animate Dead      |       |     1 |     8 |       ||     9
       Blink             |       |       |    10 |       ||    10
       Agony             |       |       |     3 |     3 ||     6
       Summon Mana Viper |       |       |     7 |     6 ||    13
Evoke: Wand              |       |       |     1 |       ||     1
 Stab: Sleeping          |       |       |     4 |     2 ||     6
Armor: Leather armour    |     4 |    33 |    88 |   115 ||   240
       Robe              |     1 |       |       |       ||     1
Dodge: Dodged            |     8 |    51 |   183 |   255 ||   497
Block: Buckler           |       |       |     3 |    58 ||    61
